 Dungeon Crawl Stone Soup version 0.30-a0-782-ge64f9170bb (webtiles) character file.

Game seed: 15866146339518173327

198 mopl the Vexing (level 5, 0/28 HPs)
             Began as a Deep Elf Enchanter on Mar 15, 2023.
             Slain by an orc
             ... wielding a +0 mace
              (6 damage)
             ... on level 3 of the Dungeon.
             The game lasted 00:04:21 (2462 turns).

mopl the Vexing (Deep Elf Enchanter)                Turns: 2462, Time: 00:04:21

Health: 0/28       AC:  2    Str:  5    XL:     5   Next: 47%
Magic:  11/14      EV: 12    Int: 22    God:
Gold:   155        SH:  0    Dex: 15    Spells: 2/13 levels left

rFire   . . .      SeeInvis .    a - +0 dagger (speed)
rCold   . . .      Faith    .    (no shield)
rNeg    . . .      Spirit   .    b - +0 robe
rPois   .          Reflect  .    (no helmet)
rElec   .          Harm     .    (no cloak)
rCorr   .          Rampage  .    (no gloves)
Will    .....                    (no boots)
Stlth   +++                      (no amulet)
HPRegen 0.24/turn                (no ring)
MPRegen 0.14/turn                (no ring)

@: confusing by touch
A: no striking features
a: no special abilities


You were on level 3 of the Dungeon.
You visited 1 branch of the dungeon, and saw 4 of its levels.

You collected 155 gold pieces.

Inventory:

Hand Weapons
 a - a +0 dagger of speed (weapon)
 n - a +1 dagger
Missiles
 j - 6 poisoned darts
Armour
 b - a +0 robe (worn)
Scrolls
 d - 2 scrolls of blinking {unknown}
 f - a scroll of teleportation {unknown}
 g - a scroll of identify {unknown}
 h - a scroll of magic mapping {unknown}
 i - a scroll of enchant armour {unknown}
 m - a scroll of silence {unknown}
Potions
 c - 2 potions of invisibility
 e - 2 potions of mutation {unknown}
 k - a potion of haste {unknown}
 l - a potion of curing {unknown}


   Skills:
 + Level 2.7 Short Blades
 - Level 2.4 Dodging
 + Level 5.0 Stealth
 + Level 4.6 Spellcasting
 + Level 5.3 Hexes


You had 2 spell levels left.
You knew the following spells:

 Your Spells              Type           Power      Damage    Failure   Level
a - Dazzling Flash        Conj/Hex       34%        N/A       11%         3
b - Ensorcelled Hibernat  Hex/Ice        34%        N/A       5%          2
c - Confusing Touch       Hex            28%        N/A       3%          3
d - Tukima's Dance        Hex            28%        N/A       3%          3

Your spell library contained the following spells:

 Spells                   Type           Power      Damage    Failure   Level
 Summon Guardian Golem    Hex/Summ       17%        N/A       11%         3
 Orb of Destruction       Conj           2%         9d5       100%        7
 Spellforged Servitor     Conj/Summ      2%         N/A       100%        7


Dungeon Overview and Level Annotations

Branches:
Dungeon (4/15)
 Temple: D:4-7

Altars:
Nemelex Xobeh


Message History

You see here a +0 dagger of speed.
n - a +0 dagger of speed The orc priest looks braver for a moment.
The ball python completely misses you. The ball python barely misses you. x2
The ball python misses you.
There is a stone staircase leading up here.
The orc wizard casts a spell.
The orc wizard flickers and vanishes!
Deactivating autopickup; reactivate with Ctrl-A.
The ball python closely misses you. The ball python barely misses you.
You climb upwards.
Reactivating autopickup.
There is a stone staircase leading down here.
You hit the ball python.
The ball python is severely wounded.
The ball python closely misses you. The ball python grabs you.
The ball python constricts you.
You hit the ball python.
You kill the ball python!
No target in view!
Adjust to which letter? (? for menu, Esc to quit)
a - a +0 dagger of speed;
n - a +1 dagger (weapon)
Your hands tingle!
a - a +0 dagger of speed (weapon)
You climb downwards.
The orc barely misses you. x2
The orc closely misses you. x2; The orc barely misses you.
The orc hits you with a +0 mace.
There is a stone staircase leading up here.
The orc hits you with a +0 mace. The orc hits you with a +0 morningstar!
The orc misses you. The orc priest hits you with a +0 club.
You climb upwards.
There is a stone staircase leading down here.
Casting: Confusing Touch (dangerous; 3% risk of failure)
Confirm with . or Enter, or press ? or * to list all spells.
Your hands begin to glow red.
The orc priest mumbles some strange prayers to Beogh against you.
Pain shoots through your body!
* * * LOW HITPOINT WARNING * * *
The orc hits you with a +0 mace.
You die...

#...>)...# #.#..........#.# #.#
#........# #.#..#.......#.###.#
##.).##### #............#...#.#
##......#########.#########.#.#
........'...................#.#
#####...#########.###########.#
.# ##### #.#.........#.# .#
###########o##..........# .#
#........o@o#.........### .#
#..........o#.##.########## .#
#...........')............# .#
######......#.##########.## .#
#####....).......##.# .#
#.##..#.#######.# ##
#.#...#..)......#
#.#.############# #.#..)).#


You could see an orc priest and 3 orcs.

Vanquished Creatures
  An iguana (D:3)
  Terence (D:3)
  A gnoll (D:3)
  4 adders
  A dart slug (D:2)
  2 orcs (D:3)
  6 ball pythons
  5 bats
  5 endoplasms
  3 giant cockroaches
  5 goblins
  7 hobgoblins
  7 jackals (D:2)
  3 quokkas
  7 frilled lizards
  8 kobolds
  10 rats
76 creatures vanquished.

Vanquished Creatures (collateral kills)
  2 gnolls (D:3)
2 creatures vanquished.

Grand Total: 78 creatures vanquished

Notes
Turn   | Place    | Note
-------+----------+-------------------------------------------
     0 | D:1      | mopl the Deep Elf Enchanter began the quest for the Orb.
     0 | D:1      | Reached XP level 1. HP: 10/10 MP: 6/6
   156 | D:1      | Reached XP level 2. HP: 9/15 MP: 8/8
   183 | D:1      | Learned a level 2 spell: Ensorcelled Hibernation
   354 | D:1      | Reached skill level 4 in Stealth
   954 | D:2      | Reached XP level 3. HP: 19/19 MP: 7/10
   964 | D:1      | Learned a level 3 spell: Confusing Touch
   968 | D:1      | Learned a level 3 spell: Tukima's Dance
  1324 | D:2      | Reached skill level 2 in Short Blades
  1599 | D:3      | Noticed Terence
  1619 | D:2      | Reached XP level 4. HP: 24/24 MP: 8/11
  1643 | D:3      | Reached skill level 4 in Spellcasting
  1677 | D:3      | Learned a level 3 spell: Dazzling Flash
  1840 | D:3      | Killed Terence
  1841 | D:3      | Reached skill level 5 in Hexes
  1930 | D:3      | Reached XP level 5. HP: 25/28 MP: 8/13
  2041 | D:3      | Found a sparkling altar of Nemelex Xobeh.
  2324 | D:3      | Reached skill level 5 in Stealth
  2462 | D:3      | Slain by an orc

Illustrated notes

Levels and vault maps discovered:
D:1:      dpeg_arrival_rooms_b, layout_basic
D:2:      layout_basic
D:3:      layout_basic, nemelex_altar_shiori, uniq_terence
D:4:      layout_loops_ring, chei_slow_surprise, uniq_edmund

Skill      XL: |  1  2  3  4  5 |
---------------+----------------+-----
Stealth        | 4 5 |  5.0
Short Blades   | 2 |  2.7
Spellcasting   | 4 |  4.6
Hexes          | 5 |  5.3
Dodging        | |  2.4

Action                     |  1- 3 |  4- 6 || total
---------------------------+-------+-------++-------
  Melee: Dagger            |   109 |    56 ||   165
         Punch             |     1 |     1 ||     2
  Throw: Dart              |       |     2 ||     2
   Cast: Ensorcelled Hiber |    24 |    18 ||    42
         Confusing Touch   |       |     3 ||     3
         Tukima's Dance    |       |     2 ||     2
   Stab: Sleeping          |    30 |    13 ||    43
         Distracted        |     1 |       ||     1
         Confused          |       |     3 ||     3
 Armour: Robe              |    29 |     3 ||    32
  Dodge: Dodged            |    57 |    32 ||    89

Table legend: (Time is in decaauts)
 A = Elapsed time spent in this place.
 B = Non-inter-level travel time spent in this place.
 C = Inter-level travel time spent in this place.
 D = Time resting spent in this place.
 E = Time spent auto-exploring this place.
 F = Levels seen in this place.
 G = Mean time per level.
                   A        B        C        D        E       F      G
               +--------+--------+--------+--------+--------+-----+--------+
         Total |   2448 |   2385 |     63 |    194 |   1626 |   4 |  612.0 |
       Dungeon |   2448 |   2385 |     63 |    194 |   1626 |   4 |  612.0 |
               +--------+--------+--------+--------+--------+-----+--------+

Top non-repeatable levels by time:
     D:1: 944 daAuts
     D:3: 893 daAuts
     D:2: 602 daAuts
     D:4: 8 daAuts
